 Dungeon Crawl Stone Soup version 0.31.0-11-ge490571c62 (webtiles) character file.

Game seed: 14663409836939342721

281968 freelancePsychic the Metallomancer (level 21, -1/143 (146) HPs)
             Began as a Gargoyle Earth Elementalist on Feb 1, 2024.
             Was the Champion of Vehumet.
             Killed from afar by an ancient lich (47 damage)
             ... with a bolt of acid
             ... while paralysed by a vampire knight
             ... on level 3 of the Crypt.
             The game lasted 01:33:47 (48180 turns).

freelancePsychic the Metallomancer (GrEE)          Turns: 48180, Time: 01:33:48

HP:   -1/143 (146)  AC: 28    Str: 18    XL:     21   Next: 24%
MP:   6/36          EV:  2    Int: 29    God:    Vehumet [******]
Gold: 3350          SH:  0    Dex: 12    Spells: 17/43 levels left

rFire   + . .        b - staff of earth
rCold   + . .        P - +0 buckler
rNeg    + . .        k - +3 robe of Clouds {*Thunder rCloud rElec}
rPois   ∞            L - +0 helmet {Int+3}
rElec   +            i - +2 cloak
rCorr   .            q - +0 pair of gloves of the Engineer {Str+5 Dex+2}
SInv    .            K - +1 pair of boots {Fly}
Will    +....        Z - amulet of magic regeneration
Stlth   +++          Y - ring "Jouptuho" {rC+ EV+5}
HPRegen 0.43/turn    S - ring of the Neverending Seas {Wiz rF+}
MPRegen 0.65/turn

%: wizardry (x1)
@: paralysed, flying, studying Throwing, lightly drained
A: sickness immunity, AC +16, big wings, negative energy resistance 1,
electricity resistance, torment resistance 1, petrification resistance
a: Renounce Religion


You were on level 3 of the Crypt.
You worshipped Vehumet.
Vehumet was exalted by your worship.
You visited 7 branches of the dungeon, and saw 33 of its levels.
You also visited: Wizlab.

You collected 4876 gold pieces.
You spent 1526 gold pieces at shops.

Inventory:

Hand Weapons
 a - a +7 demon whip of venom
Armour
 i - a +2 cloak (worn)
 k - the +3 robe of Clouds (worn) {*Thunder rCloud rElec}
   (You took it off a Cloud Mage in a wizard's laboratory)

   *Thunder:  It occasionally creates storm clouds above nearby enemies.
   rCloud:    It grants its wearer immunity to clouds.
   rElec:     It insulates you from electricity.
 m - a +1 robe of resistance
 q - the +0 pair of gloves of the Engineer (worn) {Str+5 Dex+2}
   (You found it on level 4 of the Dungeon)

   Str+5:     It affects your strength (+5).
   Dex+2:     It affects your dexterity (+2).
 v - a +1 pair of gloves of dexterity
 G - the +0 ring mail of Insurance {Str-2 Int+7 Dex+2 Stlth+}
   (You found it on level 3 of the Elven Halls)

   Str-2:     It affects your strength (-2).
   Int+7:     It affects your intelligence (+7).
   Dex+2:     It affects your dexterity (+2).
   Stlth+:    It makes you more stealthy.
 K - a +1 pair of boots of flying (worn)
 L - a +0 helmet of intelligence (worn)
 P - a +0 buckler (worn)
Magical Staves
 b - a staff of earth (weapon)
 y - the staff of Daffuhib {rElec rN+ MP+9 Str-2 Air}
   (You found it on level 12 of the Dungeon)

   [staff of air]

   Base accuracy: +5 Base damage: 5 Base attack delay: 1.2 This weapon's minimum
   attack delay (0.6) is reached at skill level 12.
   Str-2:     It affects your strength (-2).
   rElec:     It insulates you from electricity.
   rN+:       It protects you from negative energy.
   MP+9:      It affects your magic capacity (+9).
   Air:       It increases the power of your Air spells.
   It falls into the 'Staves' category.
   It is a one-handed weapon.
Jewellery
 g - the ring "Laizuas" {rC++ rN+ Will+ MP+9 Str-2}
   (You took it off a deep elf sorcerer on level 3 of the Elven Halls)

   [ring of magical power]

   Str-2:     It affects your strength (-2).
   rC++:      It greatly protects you from cold.
   rN+:       It protects you from negative energy.
   Will+:     It increases your willpower.
   MP+9:      It affects your magic capacity (+9).
 S - the ring of the Neverending Seas (right hand) {Wiz rF+}
   (You took it off a deep elf pyromancer on level 12 of the Dungeon)

   [ring of wizardry]

   Wiz:       It improves your spell success rate.
   rF+:       It protects you from fire.
 U - the amulet "Qasut" {rC+++ Regen+ Str+3 Slay-2 SInv}
   (You acquired it on level 4 of the Lair of Beasts)

   [amulet of regeneration]

   Str+3:     It affects your strength (+3).
   Slay-2:    It affects your accuracy & damage with ranged weapons and melee
   (-2).
   rC+++:     It renders you almost immune to cold.
   SInv:      It lets you see invisible.
   Regen+:    It increases your rate of health regeneration.
 Y - the ring "Jouptuho" (left hand) {rC+ EV+5}
   (You took it off a tengu warrior on level 12 of the Dungeon)

   [ring of evasion]

   EV+5:      It affects your evasion (+5).
   rC+:       It protects you from cold.
 Z - an amulet of magic regeneration (around neck)
Wands
 w - a wand of digging (23)
 C - a wand of iceblast (15)
 I - a wand of flame (66)
 M - a wand of mindburst (16)
 R - a wand of light (9)
Scrolls
 e - 3 scrolls of silence
 h - 6 scrolls of vulnerability
 j - 14 scrolls of identify {@r1}
 l - 5 scrolls of amnesia
 p - 3 scrolls of enchant armour
 s - 4 scrolls of blinking
 x - 5 scrolls of fog
 E - a scroll of revelation
 F - a scroll of butterflies
 J - 3 scrolls of fear
 V - 7 scrolls of teleportation {@r4}
 W - 5 scrolls of immolation
 X - 4 scrolls of brand weapon
Potions
 d - 8 potions of curing {@q1}
 f - 8 potions of lignification
 n - a potion of invisibility
 o - 2 potions of berserk rage
 r - 3 potions of resistance
 t - 5 potions of mutation
 u - 3 potions of enlightenment
 z - 5 potions of brilliance
 B - 2 potions of ambrosia
 D - 4 potions of might
 H - a potion of attraction
 N - 2 potions of heal wounds {@q2}
 Q - 6 potions of haste {@q3}
 T - 2 potions of cancellation
Miscellaneous
 c - a box of beasts
 A - a condenser vane
 O - a phantom mirror


   Skills:
 - Level 20.0 Fighting
 - Level 0.4(5.1) Maces & Flails
 - Level 8.2 Staves
 - Level 13.0 Dodging
 - Level 6.0 Stealth
 - Level 6.0 Shields
 - Level 11.5 Spellcasting
 - Level 7.0 Conjurations
 * Level 10.9 Ice Magic
 - Level 25.6 Earth Magic
 - Level 2.0 Evocations


You had 17 spell levels left.
You knew the following spells:

 Your Spells              Type           Power      Damage    Failure   Level
a - Brom's Barrelling Bo  Conj/Erth      100%       2d11      1%          4
b - Searing Ray           Conj           100%       2d8       1%          2
c - Stone Arrow           Conj/Erth      100%       3d13      0%          3
d - Lehudib's Crystal Sp  Conj/Erth      53%        10d12     3%          8
i - Shatter               Erth           64%        3d47*     1%          9

Your spell library contained the following spells:

 Spells                   Type           Power      Damage    Failure   Level
 Polar Vortex             Ice            34%        12d4*     95%         9
 Ignition                 Fire           8%         3d5       99%         8
 Sandblast                Erth           100%       2d20      0%          1
 Passwall                 Erth           100%       N/A       0%          3
 Lee's Rapid Deconstruct  Erth           64%        3d29*     0%          5
 Foxfire                  Conj/Fire      100%       2x1d9     1%          1
 Magic Dart               Conj           100%       1d8       1%          1
 Necrotise                Necr           64%        1d7       1%          1
 Summon Small Mammal      Summ           64%        N/A       1%          1
 Ensorcelled Hibernation  Hex/Ice        96%        N/A       1%          2
 Inner Flame              Hex/Fire       16%        N/A       1%          3
 Ozocubu's Armour         Ice            69%        N/A       1%          3
 Summon Ice Beast         Ice/Summ       48%        N/A       1%          3
 Animate Armour           Summ/Erth      100%       N/A       1%          4
 Flame Wave               Conj/Fire      37%        2d10      1%          4
 Fulminant Prism          Conj/Alch      18%        3d11      1%          4
 Iskenderun's Mystic Bla  Conj/Tloc      37%        2d9       1%          4
 Leda's Liquefaction      Alch/Erth      47%        N/A       1%          4
 Petrify                  Alch/Erth      95%        N/A       1%          4
 Freezing Cloud           Conj/Ice/Air   25%        6-21      1%          5
 Bombard                  Conj/Erth      53%        9d9       1%          6
 Lesser Beckoning         Tloc           32%        N/A       2%          2
 Arcjolt                  Conj/Air       18%        1d28      3%          5
 Fireball                 Conj/Fire      18%        3d9       3%          5
 Irradiate                Conj/Alch      18%        3d17      3%          5
 Call Canine Familiar     Summ           16%        N/A       4%          3
 Fugue of the Fallen      Necr           16%        N/A       4%          3
 Gell's Gravitas          Tloc           16%        N/A       4%          3
 Teleport Other           Tloc           16%        N/A       4%          3
 Tukima's Dance           Hex            16%        N/A       4%          3
 Vampiric Draining        Necr           16%        2d7       4%          3
 Ignite Poison            Fire/Alch      16%        N/A       4%          4
 Sticky Flame             Fire/Alch      16%        2d5       4%          4
 Metabolic Englaciation   Hex/Ice        24%        N/A       4%          5
 Conjure Ball Lightning   Conj/Air       18%        3x3d6     14%         6
 Anguish                  Hex/Necr       8%         N/A       16%         4
 Dimensional Bullseye     Hex/Tloc       8%         N/A       16%         4
 Manifold Assault         Tloc           16%        N/A       16%         4
 Martyr's Knell           Necr/Summ      16%        N/A       16%         4
 Summon Blazeheart Golem  Fire/Summ      16%        N/A       16%         4
 Vhi's Electric Charge    Tloc/Air       32%        N/A       16%         4
 Orb of Destruction       Conj           27%        9d9       17%         7
 Sculpt Simulacrum        Ice/Alch       24%        N/A       26%         6
 Curse of Agony           Necr           16%        N/A       38%         5
 Silence                  Hex/Air        8%         N/A       38%         5
 Summon Mana Viper        Hex/Summ       16%        N/A       38%         5
 Spellforged Servitor     Conj/Summ      18%        N/A       52%         7
 Dispersal                Tloc           8%         N/A       91%         6
 Maxwell's Capacitive Co  Air            8%         ∞         99%         8
 Chain Lightning          Conj/Air       18%        3d24      99%         9
 Fire Storm               Conj/Fire      18%        8d5       99%         9
 Haunt                    Necr/Summ      8%         N/A       100%        7
 Monstrous Menagerie      Summ           8%         N/A       100%        7
 Borgnjor's Revivificati  Necr           8%         N/A       100%        8
 Discord                  Hex            8%         N/A       100%        8
 Disjunction              Tloc           8%         N/A       100%        8
 Death's Door             Necr           8%         N/A       100%        9
 Cigotuvi's Dreadful Rot  Necr/Alch/Air  Unusable   N/A       N/A         2

Dungeon Overview and Level Annotations

Branches:
Dungeon (15/15)            Temple (1/1) D:4            Lair (5/5) D:8
 Shoals (0/4) Lair:2        Snake (0/4) Lair:2        Slime (0/5) Lair:5
    Orc (2/2) D:11            Elf (3/3) Orc:2        Vaults (4/5) D:14
  Crypt (3/3) Vaults:2       Tomb (0/3) Crypt:3      Depths (0/4) D:15
 WizLab (visited)

Altars:
Ashenzari
Cheibriados
Dithmenos
Elyvilon
Fedhas
Gozag
Hepliaklqana
Kikubaaqudgha
Makhleb
Nemelex Xobeh
Okawaru
Qazlal
Ru
Sif Muna
Trog
Uskayaw
Vehumet
Wu Jian
Xom
Yredelemnul
Zin
The Shining One

Shops:
D:2 =   D:10 (   D:11 [   D:13 (!(*   Orc:2 :[[!   Vaults:2 ?

Annotations:
D:3 2 runed translucent doors, Rassilon's ghost, novice GrFi
D:7 exclusions: deep elf pyromancer and gnoll sergeant
Lair:3 2 transporters
Lair:4 Urug
Elf:2 Upahu's ghost, adept MiBe
Vaults:4 2 transporters


Innate Abilities, Weirdness & Mutations

You are immune to sickness and miasma.
Your stone body is resilient. (AC +16)
You are immune to poison.
Your large and strong wings let you fly.
You resist negative energy. (rN+)
You are resistant to electric shocks. (rElec)
You are resistant to unholy torment.
You are immune to petrification.


Message History

The juggernaut zombie is severely damaged.
You hear some strange, mumbled words.
You hit the juggernaut zombie but do no damage.
The juggernaut zombie is severely damaged.
Storm clouds gather above the juggernaut zombie.
A laughing skull comes into view.
You hear some strange, mumbled words.
You hit the juggernaut zombie but do no damage.
The juggernaut zombie is severely damaged.
A laughing skull comes into view.
You hit the juggernaut zombie but do no damage.
The ground beneath the juggernaut zombie fractures.
The juggernaut zombie is severely damaged.
The juggernaut zombie is engulfed in a thunderstorm.
You block the juggernaut zombie's attack.
The juggernaut zombie completely misses you.
You hit the juggernaut zombie but do no damage.
The ground beneath the juggernaut zombie fractures.
The juggernaut zombie is almost destroyed.
You hear some strange, mumbled words.
You hit the juggernaut zombie.
The ground beneath the juggernaut zombie fractures!
The juggernaut zombie is almost destroyed.
You hit the juggernaut zombie but do no damage.
The juggernaut zombie is almost destroyed.
You hear some strange, mumbled words.
You suddenly lose the ability to move!
Storm clouds gather above the laughing skull.
The laughing skull is engulfed in a thunderstorm.
The laughing skull lets out a vicious peal of laugher.
The bolt of negative energy hits you! You partially resist.
You feel drained. The juggernaut zombie hits you!!!
The juggernaut zombie hits you. Something hits you!!
Something bites you but does no damage.
An ancient lich comes into view.
The laughing skull headbutts you but does no damage.
Something hits you! Something bites you but does no damage.
The laughing skull barely misses you. x2
The ancient lich casts a spell at you. The bolt of acid hits you!!!
You die...

##.#..#.#..≈≈
..........#≈ ≈
##.......... ≈≈
$..........#≈≈
##.##.......########
#?.................#
#?....{zz..#.......#
#.....Z@...........#
#..................#
#......#...#...^...#
).#..........'#....#
.........##....#####
.⌠......###.L....'.# ≈≈≈
....$..##.........## ≈≈≈
#.#...##.#.........#≈≈≈≈
#.......###≈≈≈≈


You could see an ancient lich, 2 laughing skulls and a juggernaut zombie.

Vanquished Creatures
  Norris (Vaults:2)
  A bone dragon (Crypt:3)
  Jorgrun (Orc:2)
  A Cloud Mage (WizLab)
  3 liches
  3 deep elf blademasters (Elf:3)
  Asterion (Elf:3)
  An ancient champion (Crypt:1)
  Roxanne (Elf:3)
  2 revenants
  A fire giant (D:15)
  9 vault wardens
  8 deep elf sorcerers (Elf:3)
  5 deep elf elementalists (Elf:3)
  A frost giant (Vaults:2)
  2 curse skulls (Crypt:1)
  3 caustic shrike zombies
  6 ghouls
  A caustic shrike skeleton (Crypt:2)
  16 ironbound preservers
  An orc warlord (Vaults:2)
  6 ironbound thunderhulks
  The ghost of Laqueoixx the Martial Artist, a journeyman OpSh of Ashenzari (Lair:3)
  A formless jellyfish (Vaults:3)
  8 deep elf death magi
  7 deep elf demonologists (Elf:3)
  7 deep elf annihilators
  6 vampire knights
  3 spark wasps (WizLab)
  12 dire elephants
  5 war gargoyles
  Snorg (D:11)
  Azrael (D:13)
  A blizzard demon (WizLab)
  5 crystal guardians
  7 yaktaur captains
  An entropy weaver (shapeshifter) (D:12)
  2 entropy weavers
  2 jiangshi (Crypt:2)
  A spriggan zombie (Crypt:2)
  8 vault guards
  4 deep elf high priests (Elf:3)
  3 peacekeepers
  7 great orbs of eyes
  Erolcha (D:13)
  15 hydras
  2 catoblepae
  6 death knights
  3 ghost crabs (WizLab)
  6 ironbound frosthearts
  4 spriggan air magi (WizLab)
  A spriggan skeleton (Crypt:3)
  7 boulder beetles
  4 two-headed ogres
  11 dancing weapons
  7 centaur warriors
  4 vampire magi
  2 tengu warriors
  6 death yaks (Lair:5)
  An occultist (D:12)
  6 hell knights (Crypt:3)
  4 orc high priests (Orc:2)
  5 deep elf knights
  Sonja (Lair:5)
  A soul eater (Crypt:2)
  Amaemon (Lair:2)
  25 skeletal warriors
  3 death drakes (WizLab)
  2 shadow wraiths (Crypt:2)
  4 skysharks
  A flayed ghost (Crypt:2)
  46 deep trolls
  5 deep elf archers
  A bog body (Crypt:1)
  11 lindwurms
  6 arcanists
  3 bunyip skeletons
  2 phantasmal warriors (Crypt:1)
  Pikel (D:8)
  An orc knight (Orc:1)
  10 necromancers
  13 ironbound convokers
  A wolf spider (Lair:1)
  11 cyclopes
  An oklob plant (Lair:3)
  13 deep elf zephyrmancers
  24 ugly things
  18 deep elf pyromancers
  A shadow dragon skeleton (Crypt:2)
  10 manticores
  5 orc sorcerers
  2 tengu skeletons
  2 merfolk sirens (Lair:2)
  An elephant (Lair:3)
  5 apocalypse crabs (WizLab)
  7 black mambas
  A water nymph (shapeshifter) (Vaults:3)
  A titan simulacrum (Crypt:2)
  A frost giant skeleton (Vaults:1)
  2 torpor snails
  10 cane toads
  13 vault sentinels
  An orange demon (Lair:2)
  3 gargoyles
  3 kobold demonologists
  4 unseen horrors
  A steelbarb worm zombie (Crypt:1)
  7 rime drakes
  12 komodo dragons
  24 yaktaurs
  3 efreet
  4 freezing wraiths
  3 polar bears
  5 harpy zombies
  8 trolls
  A wind drake (WizLab)
  2 human skeletons
  2 harpy skeletons
  A hornet (D:12)
  A fire dragon zombie (Crypt:3)
  A death drake skeleton (Crypt:2)
  9 blink frogs
  14 air elementals
  An ettin zombie (Crypt:3)
  A meliai zombie (Crypt:1)
  11 dream sheep
  A frost giant simulacrum (Vaults:1)
  38 slime creatures
  An ettin skeleton (Crypt:1)
  2 elf zombies
  3 vampires
  A water elemental (Elf:1)
  6 wyverns
  A shadow (D:12)
  6 wraiths
  43 yaks
  5 fire elementals
  A slime creature zombie (Crypt:2)
  2 wargs (Orc:2)
  7 basilisks
  3 steam dragons
  A yaktaur simulacrum (Vaults:2)
  3 redbacks
  A glowing shapeshifter zombie (Vaults:2)
  17 vampire mosquitoes
  3 nagas (Lair:2)
  2 deep troll zombies
  Duvessa (D:6)
  11 water moccasins
  3 acid dragons
  4 hell hounds (D:13)
  2 ice beasts
  2 black bears (D:8)
  14 orc warriors
  29 laughing skulls
  A swamp dragon zombie (Crypt:2)
  5 ogres
  A sky beast (D:6)
  27 wolves
  A boggart (D:14)
  A lemure (D:8)
  8 centaurs
  A phantom (D:4)
  6 kobold brigands
  3 earth elementals (Elf:3)
  A gnoll sergeant (D:12)
  18 bullfrogs
  4 necrophages
  4 scorpions
  16 wights
  Dowan (D:6)
  4 killer bees
  A bombardier beetle (D:5)
  An electric eel (Lair:2)
  6 howler monkeys
  2 jellies
  A bullfrog zombie (Crypt:1)
  28 orc priests
  A gnoll bouda (D:9)
  4 hounds
  2 iguanas
  26 orc wizards
  A boggart skeleton (Crypt:1)
  A boggart simulacrum (D:15)
  6 adders
  4 gnolls
  A white imp (D:7)
  2 ufetubi (D:6)
  An adder zombie (Crypt:1)
  An adder skeleton (Crypt:2)
  2 iguana skeletons (Crypt:1)
  3 ribbon worms
  58 orcs
  7 bats
  6 endoplasms
  4 giant cockroaches
  A gnoll zombie (Crypt:1)
  7 goblins
  10 hobgoblins
  2 jackals (D:1)
  6 quokkas
  7 ball pythons
  A ball python skeleton (Crypt:2)
  An endoplasm zombie (Crypt:2)
  2 frilled lizards (D:1)
  30 kobolds
  A kobold zombie (Crypt:1)
  An orc skeleton (Crypt:1)
  4 rats
  A rat skeleton (Crypt:2)
  A butterfly (Lair:4)
1209 creatures vanquished.

Vanquished Creatures (collateral kills)
  6 boulders
6 creatures vanquished.

Vanquished Creatures (others)
  A boulder (Lair:4)
1 creature vanquished.

Grand Total: 1216 creatures vanquished

Notes
Turn   | Place    | Note
-------+----------+-------------------------------------------
     0 | D:1      | freelancePsychic the Gargoyle Earth Elementalist began the
                  | quest for the Orb.
     0 | D:1      | Reached XP level 1. HP: 10/10 MP: 3/3
   179 | D:1      | Reached XP level 2. HP: 10/16 MP: 1/5
   340 | D:1      | Reached skill level 1 in Fighting
   439 | D:1      | Learned a level 2 spell: Searing Ray
   535 | D:1      | Reached skill level 4 in Earth Magic
  1206 | D:2      | Reached XP level 3. HP: 20/20 MP: 1/6
  1437 | D:2      | Found a faded altar of an unknown god.
  1445 | D:2      | Got Plato's Lectures on the Summer
  1595 | D:2      | Found a shimmering altar of Xom.
  1665 | D:2      | Found Naramuiwk's Jewellery Shoppe.
  1681 | D:2      | Reached XP level 4. HP: 26/26 MP: 5/7
  2435 | D:3      | Reached XP level 5. HP: 24/32 MP: 2/8
  2638 | D:3      | Found a large runed translucent door.
  2639 | D:3      | Found a large runed translucent door.
  2643 | D:3      | Noticed Rassilon's ghost (novice GrFi)
  3274 | D:4      | Identified the +0 pair of gloves of the Engineer {Str+5
                  | Dex+2}
  3428 | D:4      | Reached XP level 6. HP: 28/37 MP: 4/10
  3489 | D:4      | Found a shimmering blue altar of Sif Muna.
  3787 | D:4      | Reached skill level 5 in Earth Magic
  3787 | D:4      | Reached XP level 7. HP: 43/43 MP: 7/12
  3923 | D:4      | Found a staircase to the Ecumenical Temple.
  3932 | Temple   | Entered the Ecumenical Temple
  3988 | D:5      | Entered Level 5 of the Dungeon
  4081 | D:5      | Learned a level 3 spell: Stone Arrow
  4143 | D:5      | Reached skill level 5 in Fighting
  4192 | D:5      | Reached skill level 6 in Earth Magic
  4842 | D:5      | Found a blossoming altar of Fedhas.
  4845 | D:5      | Found a bloodstained altar of Trog.
  4894 | D:5      | Reached XP level 8. HP: 51/51 MP: 0/13
  5022 | D:5      | Found an ancient bone altar of Kikubaaqudgha.
  5022 | D:5      | Found a hide-covered altar of Uskayaw.
  5160 | D:6      | Identified the +4 mace of Irksome Duty {freeze, rN+}
  5403 | D:6      | Reached skill level 7 in Earth Magic
  5708 | D:6      | Found a shadowy altar of Dithmenos.
  5720 | D:5      | Found a snail-covered altar of Cheibriados.
  5720 | D:5      | Found a radiant altar of Vehumet.
  5742 | D:5      | Became a worshipper of Vehumet
  6001 | D:6      | Reached skill level 8 in Earth Magic
  6097 | D:6      | Reached XP level 9. HP: 51/57 MP: 4/14
  6206 | D:6      | Noticed Duvessa
  6206 | D:6      | Noticed Dowan
  6313 | D:6      | Killed Duvessa
  6317 | D:6      | Killed Dowan
  6564 | D:6      | Found a glowing golden altar of the Shining One.
  6694 | D:7      | Reached skill level 9 in Earth Magic
  7240 | D:7      | Reached skill level 10 in Earth Magic
  7635 | D:7      | Reached * piety under Vehumet
  7635 | D:7      | Offered knowledge of Kiss of Death by Vehumet.
  7752 | D:7      | Noticed a deep elf pyromancer
  7910 | D:8      | Noticed a white ugly thing
  8212 | D:9      | Reached skill level 11 in Earth Magic
  8269 | D:9      | Found a white marble altar of Elyvilon.
  8330 | D:9      | Reached XP level 10. HP: 57/66 MP: 12/15
  8642 | D:9      | Noticed a two-headed ogre
  8687 | D:8      | Found a glowing silver altar of Zin.
  8700 | D:8      | Reached skill level 5 in Stealth
  9168 | D:9      | You fall into a shaft and drop 3 floors!
  9482 | D:11     | Noticed Snorg
  9494 | D:11     | Killed Snorg
  9495 | D:11     | Reached skill level 10 in Fighting
  9495 | D:11     | Reached skill level 12 in Earth Magic
  9502 | D:11     | Noticed a boulder beetle
  9852 | D:11     | Found a staircase to the Orcish Mines.
 10104 | D:10     | Entered Level 10 of the Dungeon
 10429 | D:9      | Reached ** piety under Vehumet
 10432 | D:9      | Offered knowledge of Shock by Vehumet.
 10433 | D:9      | Reached skill level 13 in Earth Magic
 10520 | D:9      | Learned a level 4 spell: Brom's Barrelling Boulder
 10787 | D:10     | Found Boalacro's Antique Weapon Boutique.
 10842 | D:10     | Found a sparkling altar of Nemelex Xobeh.
 11107 | D:10     | Reached XP level 11. HP: 73/73 MP: 13/16
 11186 | D:10     | Reached skill level 14 in Earth Magic
 11291 | D:10     | Found an opulent altar of Gozag.
 11685 | D:10     | Offered knowledge of Static Discharge by Vehumet.
 11786 | D:10     | Found an iron altar of Okawaru.
 12022 | D:11     | Found Eweigusk's Armour Shoppe.
 12029 | D:11     | Bought a +1 helmet of see invisible for 231 gold pieces
 12062 | D:11     | Noticed a two-headed ogre
 12077 | D:11     | Killed a two-headed ogre
 12186 | D:8      | Noticed Pikel
 12298 | D:8      | Killed Pikel
 12376 | D:8      | Reached skill level 15 in Earth Magic
 12713 | D:8      | Found a staircase to the Lair.
 12877 | D:8      | Found a broken altar of Ashenzari.
 13327 | D:8      | Killed a white ugly thing
 13327 | D:8      | Reached *** piety under Vehumet
 13761 | D:9      | Killed a two-headed ogre
 13762 | D:9      | Reached skill level 16 in Earth Magic
 13987 | D:11     | Killed a boulder beetle
 14367 | D:12     | Reached XP level 12. HP: 80/80 MP: 9/17
 14491 | D:12     | Reached skill level 17 in Earth Magic
 15397 | D:12     | Offered knowledge of Volatile Blastmotes by Vehumet.
 15398 | D:12     | Reached skill level 18 in Earth Magic
 16447 | Lair:1   | Entered Level 1 of the Lair of Beasts
 16604 | D:8      | Reached skill level 19 in Earth Magic
 17365 | Lair:1   | You are sucked into a shaft and drop 1 floor!
 17828 | Lair:1   | Reached skill level 20 in Earth Magic
 17975 | Lair:1   | Reached **** piety under Vehumet
 18320 | Lair:1   | Learned a level 9 spell: Shatter
 18352 | Lair:2   | Reached XP level 13. HP: 84/84 MP: 8/18
 19071 | Lair:2   | Offered knowledge of Dazzling Flash by Vehumet.
 19165 | Lair:2   | Identified the +1 scale mail of Midsummer {rC- rN++ Int+4}
 19197 | Lair:2   | Noticed Amaemon
 19230 | Lair:2   | Killed Amaemon
 19423 | Lair:2   | Found a staircase to the Snake Pit.
 20054 | Lair:2   | Found a staircase to the Shoals.
 20141 | Lair:2   | Reached skill level 21 in Earth Magic
 20761 | Lair:3   | Noticed Laqueoixx's ghost (journeyman OpSh)
 20764 | Lair:3   | Found a transporter.
 21057 | Lair:3   | Reached skill level 5 in Spellcasting
 21813 | Lair:3   | Found a transporter.
 22210 | Lair:4   | Reached skill level 22 in Earth Magic
 22297 | Lair:4   | Identified a scroll of acquirement
 22297 | Lair:4   | Acquired the amulet "Qasut" {rC+++ Regen+ Str+3 Slay-2
                  | SInv}
 22371 | Lair:4   | Noticed Urug
 22799 | Lair:4   | Reached ***** piety under Vehumet
 22967 | Lair:4   | Offered knowledge of Ozocubu's Refrigeration by Vehumet.
 23274 | Lair:4   | Gained mutation: Your large and strong wings let you fly.
                  | [Gargoyle growth]
 23274 | Lair:4   | Reached XP level 14. HP: 90/90 MP: 6/21
 23576 | Lair:5   | Entered Level 5 of the Lair of Beasts
 23576 | Lair:5   | Noticed Sonja
 23627 | Lair:5   | Killed Sonja
 23628 | Lair:5   | Reached skill level 23 in Earth Magic
 23676 | Lair:5   | Found a staircase to the Slime Pits.
 24267 | Lair:5   | Reached skill level 24 in Earth Magic
 25716 | Lair:5   | Noticed a dire elephant
 26368 | Lair:5   | Killed a dire elephant
 26989 | D:12     | Reached skill level 25 in Earth Magic
 27585 | D:12     | Reached XP level 15. HP: 96/96 MP: 6/23
 27637 | D:12     | Identified the ring "Jouptuho" {rC+ EV+5}
 27823 | D:12     | Identified the ring of the Neverending Seas {Wiz rF+}
 27869 | D:12     | Offered knowledge of Iskenderun's Mystic Blast by Vehumet.
 27893 | D:12     | Identified the +0 plate armour of Qeffad {Rampage}
 27899 | D:12     | Identified the staff of Daffuhib {rElec rN+ MP+9 Str-2 Air}
 28032 | D:13     | Found Goelump's Distillery.
 28040 | D:13     | Bought a potion of curing for 51 gold pieces
 28040 | D:13     | Bought a potion of curing for 51 gold pieces
 28040 | D:13     | Bought a potion of haste for 170 gold pieces
 28112 | D:13     | Noticed Erolcha
 28113 | D:13     | Killed Erolcha
 28123 | D:13     | Noticed Azrael
 28286 | D:13     | Killed Azrael
 28309 | D:13     | Found Lexobb's General Store.
 28334 | D:13     | Found Heiggu's Antique Weapon Shop.
 28363 | D:13     | Reached skill level 1 in Shields
 28793 | D:13     | Identified the +9 quarterstaff "Hydraslayer" {protect,
                  | rN+++ rCorr Int-4 SInv}
 28901 | D:13     | Identified the +3 robe of Bitterness {Harm rF+ rCorr Dex+3}
 29211 | D:13     | Found Usoc's Weapon Boutique.
 29451 | Orc:1    | Entered Level 1 of the Orcish Mines
 29786 | Orc:2    | Entered Level 2 of the Orcish Mines
 29967 | Orc:2    | Noticed Jorgrun
 29978 | Orc:2    | Killed Jorgrun
 30245 | Orc:2    | Reached skill level 5 in Shields
 30251 | Orc:2    | Found Zibbugit's Armour Shoppe.
 30252 | Orc:2    | Found Jaqaugid's Book Emporium.
 30256 | Orc:2    | Found Paojoad's Distillery.
 30256 | Orc:2    | Found Laram's Armour Emporium.
 30257 | Orc:2    | Offered knowledge of Freezing Cloud by Vehumet.
 30262 | Orc:2    | Bought an orb of energy for 192 gold pieces
 30329 | Orc:2    | Bought a potion of heal wounds for 75 gold pieces
 30329 | Orc:2    | Bought a potion of heal wounds for 75 gold pieces
 30514 | Orc:2    | Found a staircase to the Elven Halls.
 30849 | Elf:1    | Entered Level 1 of the Elven Halls
 31045 | Elf:1    | Paralysed by an air elemental for 1 turns
 32022 | Elf:2    | Reached XP level 16. HP: 104/104 MP: 27/27
 32037 | Elf:2    | Found an ancient bone altar of Kikubaaqudgha.
 32312 | Elf:2    | Noticed Upahu's ghost (adept MiBe)
 32451 | Elf:3    | Entered Level 3 of the Elven Halls
 32452 | Elf:3    | Noticed Roxanne
 32453 | Elf:3    | Killed Roxanne
 32590 | Elf:3    | Reached skill level 5 in Dodging
 32598 | Elf:3    | Paralysed by an air elemental for 1 turns
 32602 | Elf:3    | Paralysed by an air elemental for 1 turns
 32610 | Elf:2    | Paralysed by an air elemental for 1 turns
 32621 | Elf:2    | Paralysed by an air elemental for 1 turns
 32713 | Elf:3    | Noticed a deep elf blademaster
 32716 | Elf:3    | Reached skill level 15 in Fighting
 32716 | Elf:3    | Killed a deep elf blademaster
 32858 | Elf:3    | Noticed a deep elf blademaster
 32862 | Elf:3    | Killed a deep elf blademaster
 32862 | Elf:3    | Reached ****** piety under Vehumet
 32865 | Elf:3    | Reached XP level 17. HP: 90/115 MP: 6/29
 32931 | Elf:3    | Noticed a deep elf blademaster
 32934 | Elf:3    | Killed a deep elf blademaster
 32990 | Elf:3    | Identified the ring "Laizuas" {rC++ rN+ Will+ MP+9 Str-2}
 33430 | Elf:3    | Identified the +0 ring mail of Insurance {Str-2 Int+7 Dex+2
                  | Stlth+}
 33530 | Elf:3    | Noticed Asterion
 33532 | Elf:3    | Killed Asterion
 33532 | Elf:3    | Offered knowledge of Yara's Violent Unravelling by Vehumet.
 33898 | Elf:3    | Identified the staff "Dexziph" {rPois Stlth+ Alchemy}
 33958 | Elf:3    | Identified the +1 pair of boots of the Bull {rPois}
 33975 | Elf:3    | Got Athrasm's Atlas of the Missiles
 33986 | Elf:3    | Identified the ring "Kodghasu" {Wiz Int+4}
 33998 | Elf:3    | Identified the +5 hand cannon of Mies {flame, rC+ Will+
                  | Dex+3}
 34395 | D:14     | Found an opulent altar of Gozag.
 34403 | D:14     | Identified the +1 quarterstaff of Xishrorgh {freeze, rC+
                  | rCorr}
 34577 | D:14     | Acquired 995 gold pieces
 34980 | D:14     | Found a gate to the Vaults.
 35207 | D:15     | Entered Level 15 of the Dungeon
 35501 | D:15     | Found a broken altar of Ashenzari.
 36180 | D:15     | Found a staircase to the Depths.
 36750 | Lair:3   | Killed Laqueoixx's ghost
 36988 | Orc:2    | Bought a potion of cancellation for 120 gold pieces
 36988 | Orc:2    | Bought a potion of brilliance for 60 gold pieces
 36988 | Orc:2    | Bought a potion of lignification for 45 gold pieces
 37089 | D:13     | Bought a potion of ambrosia for 136 gold pieces
 37089 | D:13     | Bought a potion of lignification for 51 gold pieces
 37089 | D:13     | Bought a potion of heal wounds for 85 gold pieces
 37117 | Vaults:1 | Entered Level 1 of the Vaults
 37792 | Vaults:1 | Offered knowledge of Starburst by Vehumet.
 37795 | Vaults:1 | Reached skill level 10 in Dodging
 38159 | Vaults:1 | Reached XP level 18. HP: 124/124 MP: 25/30
 38935 | Vaults:2 | Reached skill level 1 in Staves
 39210 | Vaults:2 | Found Eracit's Magic Scroll Shoppe.
 39216 | Vaults:2 | Bought a scroll of blinking for 120 gold pieces
 39216 | Vaults:2 | Bought a scroll of immolation for 64 gold pieces
 39281 | Vaults:2 | Offered knowledge of Plasma Beam by Vehumet.
 39354 | Vaults:2 | Identified the +4 mace of the Uplifting Fool {protect, MP+9
                  | Int+3}
 39379 | Vaults:2 | Noticed Norris
 39397 | Vaults:2 | Killed Norris
 39909 | Vaults:2 | Found a staircase to the Crypt.
 40333 | Vaults:2 | Identified the amulet "Huriagok" {Spirit Stlth+}
 40396 | Vaults:2 | Identified the dragon-blood talisman of Yredelemnul's
                  | Delight {Str+5}
 40581 | Vaults:3 | Reached skill level 5 in Staves
 40592 | Vaults:3 | Reached XP level 19. HP: 132/132 MP: 18/32
 40965 | Vaults:3 | Offered knowledge of Lehudib's Crystal Spear by Vehumet.
 41002 | Vaults:3 | Learned a level 8 spell: Lehudib's Crystal Spear
 41711 | Vaults:4 | Reached skill level 5 in Conjurations
 42096 | Vaults:4 | Reached skill level 10 in Spellcasting
 42739 | Vaults:4 | Found a transporter.
 42786 | Vaults:4 | Found a transporter.
 43531 | Crypt:1  | Entered Level 1 of the Crypt
 43551 | Crypt:1  | Offered knowledge of Polar Vortex by Vehumet.
 43551 | Crypt:1  | Offered knowledge of Ignition by Vehumet.
 43701 | Crypt:1  | Reached XP level 20. HP: 140/140 MP: 25/34
 43936 | Crypt:1  | Reached skill level 1 in Ice Magic
 43953 | Crypt:1  | Paralysed by something for 5 turns
 44971 | Crypt:2  | Found a magical portal.
 44980 | WizLab   | Entered The Chambers of the Cloud Mage
 45014 | WizLab   | Paralysed by an air elemental for 1 turns
 45025 | WizLab   | Paralysed by an air elemental for 1 turns
 45033 | WizLab   | Paralysed by an air elemental for 1 turns
 45040 | WizLab   | Paralysed by an air elemental for 1 turns
 45048 | WizLab   | Paralysed by an air elemental for 1 turns
 45053 | WizLab   | Paralysed by an air elemental for 1 turns
 45295 | WizLab   | Reached skill level 5 in Ice Magic
 45416 | WizLab   | Reached skill level 1 in Evocations
 45717 | WizLab   | Paralysed by an air elemental for 1 turns
 45729 | WizLab   | Paralysed by an air elemental for 1 turns
 45868 | WizLab   | Noticed Coveryq
 46163 | WizLab   | Killed Coveryq the Cloud Mage
 46238 | WizLab   | Got the Textbook on Voltage
 47318 | Crypt:3  | Entered Level 3 of the Crypt
 47470 | Crypt:3  | Noticed a bone dragon
 47474 | Crypt:3  | Killed a bone dragon
 47488 | Crypt:3  | Reached XP level 21. HP: 146/146 MP: 28/36
 47622 | Crypt:3  | Found a staircase to the Tomb.
 47768 | Crypt:3  | Reached skill level 10 in Ice Magic
 48178 | Crypt:3  | Paralysed by something for 2 turns
 48179 | Crypt:3  | Noticed an ancient lich
 48180 | Crypt:3  | Killed from afar by an ancient lich

Illustrated notes

Levels and vault maps discovered:
D:1:      dpeg_arrival_lava_temple_mockup, layout_basic
D:2:      layout_basic, serial_shops, nicolae_shop_gaudy_bauble,
          shapermc_ecumenical_altar_rom_forum, basic_altar
D:3:      layout_loops_corners, ebering_ghost_disaster_area,
          nicolae_concentric_dashed_squares_mild
D:4:      layout_rooms, nicolae_sif_muna_condensation, lemuel_temple_firewalk_b,
          st_stairs_9, cheibrodos_gnoll_hut
D:5:      layout_cave_pools, nicolae_overflow_hidden_temple,
          gammafunk_temple_overflow_elements
D:6:      layout_rooms, nicolae_overflow_crystal_walls,
          nicolae_dithmenos_shadow_blocks, uniq_duvessa
D:7:      minmay_blocky_corners, layout_rooms
D:8:      layout_cave_pods, old_standard_altar, mainiacjoe_overflow_alcove_1,
          due_lair_maze_entry_diamond, kennysheep_pointless_box, uniq_pikel
D:9:      layout_small_grid, mainiacjoe_overflow_chevrons
D:10:     layout_loops_ring, mainiacjoe_overflow_two_lobes,
          nemelex_spade_bored_becter, serial_shops, shop, st_stairs_11
D:11:     layout_rooms, orc_0_dummy, serial_shops,
          nicolae_shop_tiny_real_fake_doors, st_stairs_8, minivault_26,
          uniq_snorg
D:12:     minmay_the_grid_3x3 [minmay_the_grid_minigrid_small_alt,
          minmay_the_grid_minigrid_medium, minmay_the_grid_empty,
          minmay_the_grid_outer_diamond, minmay_the_grid_expand,
          minmay_the_grid_small_cups, minmay_the_grid_mess,
          minmay_the_grid_tiny_cups,
          minmay_the_grid_prize_four_corners_diamond_b], layout_loops_cross,
          minmay_holes, minivault_25
D:13:     layout_cave_pools, serial_shops, shop,
          nicolae_shop_bloodbath_and_beyond, nicolae_shop_tiny_waterfront, shop,
          serial_bayou_pond_c, minmay_quadrilaterals, uniq_azrael, uniq_erolcha
D:14:     layout_roguey, hellmonk_vaults_attempted_burglary, lemuel_round_altar,
          kennysheep_generic_room_7
D:15:     grunt_enter_depths_giant_problem, layout_cave_pods, ashenzari_altar_1
Temple:   nicolae_temple_ecumenical_triangle
Lair:1:   layout_small_grid, nicolae_lair_run_with_the_wolves,
          grunt_megastairs_2
Lair:2:   layout_layer_cave, elwin_shoals_entry_rooms,
          nicolae_snake_entry_squirm, infiniplex_staircase_pool_2, uniq_amaemon
Lair:3:   layout_hall_layers, gammafunk_ghost_arena, serial_bayou_pond_c,
          minmay_lair_oklob_bushes, minivault_11, lemuel_fruit_tree
Lair:4:   layout_regular_city, lemuel_fruit_fields, uniq_urug
Lair:5:   hangedman_lair_in_review, layout_regular_city,
          dpeg_slime_entry_enclosed, uniq_sonja
Orc:1:    layout_caves, serial_shops, nicolae_square_shop
Orc:2:    st_orc_mages, layout_diamond_mine, nicolae_orc_stalacmites,
          mines2_david, uniq_jorgrun
Elf:1:    eino_elf_arrival_customs, layout_gridlike,
          minmay_elf_crystal_heptagon, hex_tiny, minmay_misc_feat_rows
Elf:2:    elven_hall_of_blades_hangedman_original
          [nicolae_blade_entry_splitting_headache], layout_loops_cross,
          ebering_ghost_inner_flame, minivault_16, lemuel_statue_altar
Elf:3:    minmay_elf_hall_hex, layout_loops_corners, uniq_roxanne, uniq_asterion
Vaults:1: v_alt_pattern_5, nicolae_vaults_diagonal_hallway_9,
          hangedman_vaults_stretched_pinwheel, nicolae_vaults_ring_of_whatevers,
          nicolae_vaults_prndl, nicolae_vaults_little_squares_6,
          nicolae_vaults_yaktaur_gun_rack, nicolae_vaults_mini_display_case,
          nicolae_vaults_gold_heap, dpeg_vaults_monster_box,
          layout_vaults_omnigrid
Vaults:2: nicolae_vaults_twisting_passages, nicolae_vaults_arrows,
          blue_anna_dwarven_crypt, nicolae_vaults_trapezoid_lopsided_1,
          hangedman_vaults_slither, nicolae_vaults_angled_halls,
          nicolae_vaults_border_crossing, nicolae_vaults_diagonal_hallway_6,
          nicolae_vaults_apartment_1, layout_vaults_omnicross, serial_shops,
          shop, uniq_norris
Vaults:3: nicolae_vaults_trapezoid_layered, v_misc_33,
          nicolae_vaults_tetromino_L_1, v_misc_3, nicolae_vaults_lightning_bolt,
          nicolae_vaults_puzzle_piece, vaults_room_glass_cross,
          nicolae_vaults_double_plus_2, layout_vaults_big_room
Vaults:4: gammafunk_its_a_trap, v_misc_1, v_alt_pattern_2, v_misc_3,
          hangedman_vaults_stagger, nicolae_vaults_stairing_the_circle,
          nicolae_vaults_storage_room_glass, v_alt_pattern_4,
          nicolae_vaults_disjoint_gnomons, v_misc_13,
          nicolae_vaults_trapezoid_lopsided_3, layout_vaults_maze
Crypt:1:  layout_rooms, nicolae_crypt_lounge_for_the_living,
          grunt_crypt_arrival_webbed
Crypt:2:  layout_misc_corridors, infiniplex_enter_wizlab_spiral, hex_large,
          serial_library_regret_index_closets
Crypt:3:  cryptofortress_bobbens

Skill      XL: |  1  2  3  4  5  6  7  8  9 10 11 12 13 14 15 16 17 18 19 20 21 |
---------------+----------------------------------------------------------------+-----
Fighting       | 1 2 3 4 5 7 9 10 11 13 15 17 19 20 | 20.0
Earth Magic    | 4 5 6 8 11 13 16 20 22 25 | 25.6
Conjurations   | 2 3 4 6 7 |  7.0
Spellcasting   | 3 5 7 8 9 10 11 | 11.5
Stealth        | 3 4 6 |  6.0
Shields        | 6 |  6.0
Dodging        | 2 7 10 11 12 13 | 13.0
Staves         | 5 7 8 |  8.2
Ice Magic      | 9 10 | 10.9
Evocations     | 2 |  2.0
Maces & Flails | |  0.4

Action                     |  1- 3 |  4- 6 |  7- 9 | 10-12 | 13-15 | 16-18 | 19-21 || total
---------------------------+-------+-------+-------+-------+-------+-------+-------++-------
  Melee: Unarmed           |     1 |    16 |     2 |       |       |       |       ||    19
         Short sword       |       |    11 |   103 |   127 |    28 |       |       ||   269
         Punch             |       |       |     1 |       |     5 |       |       ||     6
         Staff             |       |       |       |    12 |    14 |    30 |   155 ||   211
         Demon whip        |       |       |       |       |   256 |    34 |       ||   290
   Cast: Sandblast         |    51 |    62 |    21 |       |       |       |       ||   134
         Searing Ray       |       |     6 |     1 |    17 |     5 |       |       ||    29
         Stone Arrow       |       |       |    93 |   272 |   393 |    77 |    30 ||   865
         Brom's Barrelling |       |       |       |       |    11 |       |     1 ||    12
         Shatter           |       |       |       |       |    88 |   220 |   201 ||   509
         Lehudib's Crystal |       |       |       |       |       |       |    82 ||    82
  Evoke: Wand              |       |       |       |     7 |     6 |     1 |     6 ||    20
         Phantom mirror    |       |       |       |       |       |       |     1 ||     1
    Use: Potion            |       |     5 |     1 |     5 |     4 |     1 |     3 ||    19
         Scroll            |       |       |     8 |     8 |    13 |     9 |     9 ||    47
   Stab: Distracted        |       |       |       |     1 |     1 |       |       ||     2
         Invisible         |       |       |       |       |     3 |       |       ||     3
 Armour: Robe              |    11 |    40 |   108 |   286 |   590 |   136 |   201 ||  1372
         Skin              |       |    66 |     2 |       |       |       |       ||    68
  Dodge: Dodged            |     8 |    58 |   139 |   310 |   539 |   117 |   210 ||  1381
  Block: Buckler           |       |       |       |       |     1 |    32 |    40 ||    73
